Map: Acropolis LE

Players

iAMnine

  • Race: Protoss Protoss
  • League: Platinum
  • Spawn Location: 11:00

Parkkatz - Winner!

  • Race: Zerg Zerg
  • League: Platinum
  • Spawn Location: 5:00

VOD

Have the link to the VOD?

Description

Time

  • Played on: July 6, 2019, 10:31 p.m.
  • Length: 9:45
Show
View Real Time Build Order
Export as new Build Order

iAMnine Protoss 

Build Orders:  

Get SALT Encoding   

  12  0:01  Probe  
  13  0:13  Pylon  
  13  0:32  Forge  
  13  0:34  Probe  
  13  0:42  Probe  
  14  0:47  Pylon  
  15  1:06  Gateway  
  15  1:12  Photon Cannon  
  15  1:21  Assimilator  
  15  1:50  Gateway  
  15  1:54  Cybernetics Core  
  15  2:00  Zealot  
  17  2:07  Pylon  
  17  2:37  Probe  
  17  2:39  Assimilator  
  18  2:45  Probe  
  18  2:49  Stalker  
  21  2:55  Probe  
  22  2:59  Zealot  
  24  3:05  Probe  
  24  3:07  Warp Gate  
  25  3:13  Probe  
  26  3:22  Probe  
  27  3:27  Robotics Facility  
  27  3:31  Zealot  
  27  3:33  Zealot, Probe  
  32  3:44  Shield Battery  
  32  3:45  Probe  
  33  3:56  Pylon  
  33  4:43  Pylon  
  33  4:46  Pylon  
  26  5:09  Shield Battery  
  26  5:10  Pylon  
  26  5:14  Stalker x2  
  26  5:26  Pylon  
  26  5:28  Pylon  
  21  5:59  Stargate  
  21  6:00  Stargate  
  21  6:14  Pylon  
  21  6:17  Pylon  
  21  6:18  Shield Battery  
  21  6:21  Photon Cannon  
  21  6:22  Photon Cannon  
  21  6:40  Void Ray x2  
  21  6:41  Photon Cannon  
  29  6:55  Shield Battery  
  29  7:06  Photon Cannon  
  29  7:17  Protoss Air Armor Level 1  
  29  7:19  Void Ray  
  31  7:46  Void Ray  
  35  7:57  Void Ray  
  39  8:11  Pylon  
  39  8:13  Pylon  
  39  8:33  Void Ray  
  43  8:37  Phoenix  
Show
View Real Time Build Order
Export as new Build Order

Parkkatz Zerg - Winner!

Build Orders: Hatch First, Ravager All-In 

Get SALT Encoding   

  12  0:01  Drone  
  13  0:14  Overlord  
  13  0:18  Drone  
  14  0:33  Drone x2  
  16  0:45  Drone  
  16  0:48  Drone  
  18  0:59  Drone  
  18  1:02  Extractor  
  18  1:06  Hatchery  
  17  1:15  Spawning Pool  
  16  1:19  Drone  
  16  1:23  Drone  
  18  1:31  Drone  
  20  1:54  Extractor  
  20  1:56  Drone  
  20  1:58  Overlord  
  20  2:01  Queen  
  20  2:05  Roach Warren  
  20  2:08  Drone  
  22  2:17  Drone  
  23  2:31  Drone  
  24  2:45  Roach  
  24  2:49  Roach  
  28  2:55  Queen  
  28  2:57  Overlord  
  30  3:16  Overlord  
  30  3:18  Roach x2  
  30  3:19  Roach, Ravager  
  38  3:20  Ravager  
  38  3:37  Roach x2  
  38  3:39  Lair  
  42  3:47  Ravager  
  43  3:50  Overlord  
  43  3:52  Zergling x4  
  45  4:00  Ravager  
  46  4:28  Ravager x2  
  48  4:39  Roach x2  
  46  5:22  Roach x2  
  46  5:23  Roach x2  
  54  6:01  Hatchery  
  53  6:05  Overlord x2  
  53  6:19  Drone, Evolution Chamber  
  53  6:20  Drone, Evolution Chamber  
  53  6:35  Drone x3  
  53  6:36  Drone  
  56  7:08  Zerg Ground Armor Level 1, Zerg Missile Weapons Level 1  
  55  7:09  Drone x5  
  60  7:16  Drone  
  61  7:26  Hatchery  
  60  7:34  Spore Crawler  
  60  7:36  Spore Crawler x2  
  50  7:37  Spore Crawler x2  
  50  7:38  Queen x2  
  50  7:39  Drone x3  
  50  7:40  Drone x3  
  56  7:48  Hydralisk Den  
  45  8:09  Spore Crawler  
  45  8:12  Drone x2, Overlord x2  
  46  8:13  Queen  
  46  8:19  Drone x2  
  50  8:21  Extractor  
  50  8:22  Extractor  
  48  8:29  Muscular Augments  
  48  8:31  Drone  
  48  8:32  Drone x3  
  48  8:33  Drone x2  
  54  8:35  Queen  
  54  8:39  Overlord  
  56  8:49  Hydralisk x4  
  64  9:05  Hydralisk x2  
  64  9:06  Hydralisk x3  
  74  9:18  Hydralisk x3  
  74  9:19  Hydralisk  
Tags
 
Add a new tag
Caveats
  • Supply blocks, unpowered buildings, or Contaminate may cause inaccurate times.
  • Supply counts are checked every 10 seconds.